Map: Kairos Junction LE

Players

Azlan

  • Race: Terran Terran
  • League: Diamond
  • Spawn Location: 5:00

pHARM - Winner!

  • Race: Zerg Zerg
  • League: Platinum
  • Spawn Location: 11:00

VOD

Have the link to the VOD?

Description

Time

  • Played on: Aug. 7, 2019, 11:09 p.m.
  • Length: 17:47
Show
View Real Time Build Order
Export as new Build Order

Azlan Terran 

Build Orders: 1/1/1 

Get SALT Encoding   

  12  0:00  SCV  
  13  0:13  SCV  
  14  0:17  Supply Depot  
  14  0:25  Refinery  
  14  0:32  SCV  
  15  0:42  Barracks  
  15  0:45  SCV  
  16  0:53  Refinery  
  16  0:59  SCV  
  17  1:11  SCV  
  18  1:23  SCV  
  19  1:30  Factory  
  19  1:35  SCV  
  20  1:43  Supply Depot  
  20  1:47  SCV  
  21  1:56  Barracks Tech Lab  
  21  1:59  SCV  
  22  2:11  SCV  
  23  2:15  Starport  
  23  2:23  Barracks Reactor, SCV  
  23  2:28  Siege Tank  
  27  2:35  SCV  
  28  2:40  Supply Depot  
  28  2:47  SCV  
  29  3:07  Viking x2  
  33  3:20  Refinery  
  33  3:23  Refinery  
  33  3:26  Orbital Command  
  33  3:32  Supply Depot  
  33  3:42  Supply Depot  
  33  3:49  Armory  
  33  4:00  Engineering Bay  
  33  4:27  Command Center  
  33  4:29  Supply Depot  
  33  4:36  Terran Ship Weapons Level 1  
  33  4:48  Armory  
  33  4:52  Viking, Liberator  
  38  5:17  SCV  
  39  5:28  Viking  
  41  5:29  SCV  
  42  5:41  SCV  
  43  5:52  SCV  
  43  5:53  SCV  
  45  5:57  Terran Vehicle And Ship Armor Level 1  
  45  6:04  SCV  
  46  6:05  SCV  
  46  6:06  Command Center  
  47  6:15  Viking x2  
  47  6:17  SCV  
  47  6:32  Orbital Command  
  45  6:38  Siege Tank  
  48  6:40  Terran Ship Weapons Level 2  
  48  6:44  Barracks Reactor  
  48  6:47  Starport  
  48  6:53  Viking  
  50  6:56  SCV  
  51  7:07  Viking  
  51  7:08  SCV  
  54  7:09  Smart Servos  
  54  7:16  Siege Tank  
  54  7:19  SCV x2  
  54  7:20  SCV  
  60  7:31  Factory, SCV  
  61  7:39  Viking x2  
  61  7:41  Barracks Tech Lab  
  61  7:42  Neosteel Armor  
  65  7:58  Refinery  
  65  7:59  Refinery  
  65  8:01  Planetary Fortress  
  65  8:05  SCV x2  
  67  8:14  Terran Vehicle And Ship Armor Level 2  
  67  8:17  SCV x2  
  69  8:27  Factory  
  69  8:29  SCV  
  70  8:35  Viking x2  
  74  8:53  Command Center  
  74  8:56  Sensor Tower  
  74  8:57  Widow Mine x3  
  74  8:59  Raven  
  82  9:12  Supply Depot  
  82  9:14  Supply Depot  
  82  9:15  Supply Depot  
  82  9:17  SCV x2  
  84  9:18  Widow Mine  
  84  9:19  Supply Depot  
  86  9:26  Factory Reactor  
  86  9:29  Viking x2  
  90  9:34  SCV x3  
  93  9:39  Hi-Sec Auto Tracking  
  93  9:43  Widow Mine x2  
  97  9:50  Viking  
  99  9:58  Viking  
  97  10:07  SCV  
  97  10:08  SCV x3  
  101  10:19  SCV  
  102  10:25  Terran Ship Weapons Level 3  
  102  10:30  Terran Vehicle Weapons Level 1  
  102  10:31  Refinery x2  
  102  10:32  Barracks Reactor  
  102  10:36  Viking x2  
  102  10:39  Starport  
  106  11:01  Missile Turret  
  106  11:02  Missile Turret  
  106  11:05  Missile Turret  
  106  11:07  Widow Mine x4, Sensor Tower  
  114  11:12  Supply Depot  
  114  11:13  Widow Mine, Supply Depot  
  116  11:28  Widow Mine  
  118  11:40  Planetary Fortress  
  118  11:45  SCV  
  118  11:46  SCV x2  
  121  11:47  Command Center  
  121  11:48  Refinery  
  121  11:53  Refinery, Supply Depot  
  121  11:58  SCV x3  
  124  12:10  SCV x3  
  124  12:14  Viking  
  129  12:16  Supply Depot  
  129  12:18  SCV  
  129  12:22  SCV x3  
  133  12:24  Terran Vehicle And Ship Armor Level 3  
  135  12:30  SCV  
  135  12:32  Sensor Tower  
  135  12:34  SCV x2  
  138  12:51  Sensor Tower  
  138  12:52  Missile Turret  
  138  12:53  Sensor Tower  
  138  12:55  Command Center  
  138  12:59  Planetary Fortress  
  138  13:04  Raven  
  138  13:05  Viking x2  
  142  13:06  SCV  
  142  13:07  SCV  
  142  13:08  Widow Mine  
  146  13:38  Viking x2  
  150  13:41  Viking x2  
  144  13:50  Viking  
  122  14:00  Widow Mine x5  
  130  14:08  Viking x2  
  134  14:11  Viking x2  
  134  14:14  Missile Turret  
  134  14:15  Missile Turret  
  138  14:17  Missile Turret  
  138  14:20  Viking  
  138  14:21  Widow Mine x3  
  144  14:24  Missile Turret  
  144  14:38  Viking x2  
  138  14:41  Viking x2  
  138  14:43  Planetary Fortress  
  142  14:50  Viking  
  142  14:55  Widow Mine x5  
  152  15:08  Viking x2  
  152  15:09  Terran Vehicle Weapons Level 2  
  152  15:25  Viking x3  
  156  15:38  Viking x2  
  148  15:55  Viking x3  
  148  15:56  Drilling Claws  
  90  16:07  Viking  
  90  16:08  Viking  
  89  16:25  Viking x3  
  84  16:37  Viking  
  84  16:38  Viking  
  88  16:50  Engineering Bay  
  82  16:55  Viking x3  
  82  16:57  Widow Mine x4  
  96  17:07  Viking  
  96  17:08  Viking  
Show
View Real Time Build Order
Export as new Build Order

pHARM Zerg - Winner!

Build Orders: Hatch First 

Get SALT Encoding   

  12  0:01  Drone  
  13  0:12  Overlord  
  13  0:18  Drone  
  14  0:31  Drone x2  
  16  0:44  Drone  
  17  0:55  Hatchery  
  16  1:01  Drone x2  
  18  1:16  Spawning Pool  
  17  1:35  Drone x2  
  17  1:38  Drone  
  20  1:43  Extractor  
  19  1:49  Drone  
  20  2:00  Overlord  
  20  2:13  Queen x2  
  20  2:14  Zergling x4  
  26  2:28  Drone x2  
  28  2:46  Overlord  
  28  2:47  Drone x3  
  28  2:49  Lair  
  28  2:51  Queen  
  33  3:02  Overlord  
  33  3:03  Drone x3  
  36  3:22  Overlord  
  36  3:24  Drone x6  
  42  3:38  Overlord  
  42  3:40  Drone x4  
  46  3:49  Hatchery  
  45  4:04  Hydralisk Den  
  44  4:10  Roach Warren  
  44  4:16  Evolution Chamber, Drone  
  44  4:17  Evolution Chamber, Drone x8  
  42  4:20  Extractor  
  42  4:21  Extractor  
  48  4:26  Overseer  
  48  4:38  Grooved Spines  
  48  4:42  Spore Crawler  
  48  4:43  Spore Crawler  
  46  4:46  Spore Crawler  
  45  4:56  Spore Crawler x2  
  45  4:59  Spore Crawler  
  42  5:04  Queen  
  44  5:10  Overlord  
  44  5:21  Zerg Missile Weapons Level 1  
  44  5:22  Zerg Ground Armor Level 1  
  44  5:35  Drone x4  
  48  5:37  Queen x2  
  52  5:43  Hydralisk x4  
  58  6:12  Hydralisk  
  58  6:14  Overlord x3  
  60  6:30  Overlord  
  60  6:31  Overlord x2, Hatchery  
  59  6:38  Hydralisk x4  
  67  6:47  Drone  
  67  6:48  Infestation Pit  
  67  6:54  Muscular Augments  
  67  7:21  Zerg Ground Armor Level 2  
  67  7:26  Zerg Melee Weapons Level 1  
  67  7:38  Overlord x2  
  67  7:39  Drone x7  
  67  7:40  Drone x3  
  77  7:44  Drone  
  77  7:45  Drone x3  
  77  7:48  Hive  
  81  7:57  Extractor  
  80  8:02  Drone  
  81  8:41  Hydralisk  
  81  8:42  Hydralisk x11  
  81  8:43  Overlord  
  105  8:57  Extractor  
  105  8:58  Drone x6, Extractor  
  109  9:09  Metabolic Boost  
  109  9:39  Spire  
  108  9:47  Hatchery, Zerg Melee Weapons Level 2  
  97  10:15  Drone  
  97  10:16  Drone x16  
  114  10:28  Adrenal Glands  
  114  10:47  Overlord x5  
  114  10:51  Greater Spire  
  114  11:12  Corruptor  
  114  11:13  Corruptor x10  
  114  11:16  Zergling x10  
  141  11:24  Extractor x2  
  139  12:05  Zerg Melee Weapons Level 3  
  139  12:07  Zerg Flyer Armor Level 1  
  139  12:12  Corruptor  
  139  12:13  Corruptor x6  
  139  12:14  Overlord x3  
  139  12:15  Overlord x4  
  153  12:29  Overlord  
  153  12:30  Overlord x4  
  153  12:34  Hatchery, Extractor  
  151  12:47  Brood Lord x5  
  151  12:50  Zergling x4  
  151  12:51  Zergling x28  
  177  13:00  Baneling Nest  
  176  13:09  Zerg Ground Armor Level 3  
  176  13:16  Corruptor  
  176  13:17  Corruptor x2  
  182  13:20  Zergling x2  
  182  13:21  Zergling x22  
  194  13:35  Viper  
  194  13:36  Viper  
  176  13:56  Overseer x2  
  176  13:57  Overseer  
  174  14:04  Baneling x16  
  174  14:05  Baneling  
  174  14:23  Corruptor  
  174  14:24  Corruptor x3  
  175  14:51  Baneling x14  
  175  14:52  Baneling  
  175  14:53  Corruptor x2  
  175  14:55  Zergling x12  
  175  14:56  Zergling x28  
  199  15:21  Baneling x21  
  199  15:22  Baneling x2  
  199  15:24  Extractor  
  158  16:07  Corruptor x11  
  165  16:32  Brood Lord x3  
  167  16:34  Brood Lord  
  152  16:47  Corruptor x3  
  152  16:49  Zergling x4  
  152  16:50  Zergling x62  
  152  16:51  Zergling x8  
  184  17:16  Corruptor x6  
Tags
 
Add a new tag
Caveats
  • Supply blocks, unpowered buildings, or Contaminate may cause inaccurate times.
  • Supply counts are checked every 10 seconds.